 Dungeon Crawl Stone Soup version 0.23.0-3-gf3c87f2 (webtiles) character file.

Game seed: 15794392352076881869

619 Inarius the Chopper (level 7, -1/47 HPs)
             Began as a Halfling Chaos Knight on Feb 20, 2019.
             Was a Plaything of Xom.
             Slain by a black mamba (shapeshifter) (8 damage)
             ... on level 4 of the Dungeon.
             The game lasted 00:06:57 (4429 turns).

Inarius the Chopper (Halfling Chaos Knight)         Turns: 4429, Time: 00:06:58

Health: -1/47      AC: 16    Str: 15    XL:     7   Next: 74%
Magic:  7/7        EV:  7    Int:  8    God:    Xom [...*..]
Gold:   157        SH:  0    Dex: 14    Spells: 6/6 levels left

rFire    + . .     SeeInvis .   a - +0 hand axe (chaos)
rCold    . . .     Gourm    .   (shield restricted)
rNeg     . . .     Faith    .   A - +4 plate armour
rPois    +         Spirit   .   p - +0 helmet
rElec    .         Reflect  .   (no cloak)
rCorr    .         Harm     .   (no gloves)
MR       .....                  (no boots)
Stlth    ..........             z - amulet of the acrobat
HPRegen  0.15/turn              x - ring of protection from fire
MPRegen  0.10/turn              (no ring)

@: very slightly contaminated, invisible
A: small, hooves 1, dopey 1, mutation resistance 1, poison resistance
a: Renounce Religion


You were on level 4 of the Dungeon.
You worshipped Xom.
You were a favourite toy of Xom.
You were not hungry.

You visited 1 branch of the dungeon, and saw 6 of its levels.

You collected 197 gold pieces.
You spent 40 gold pieces at shops.

Inventory:

Hand Weapons
 a - a +0 hand axe of chaos (weapon)
 s - a +0 hand axe
Missiles
 b - 6 exploding tomahawks (quivered)
 q - 3 javelins
Armour
 p - a +0 helmet (worn)
 y - a +2 scale mail of magic resistance
 A - a +4 plate armour (worn)
Jewellery
 x - a ring of protection from fire (left hand)
 z - an amulet of the acrobat (around neck)
Scrolls
 d - a scroll of enchant weapon {unknown}
 i - 2 scrolls of remove curse
 j - 2 scrolls of fear {unknown}
 l - a scroll of immolation {unknown}
 n - 2 scrolls of amnesia {unknown}
 o - 2 scrolls of teleportation {unknown}
Potions
 f - 3 potions of lignification
 h - 5 potions of curing
 k - a potion of might {unknown}
 m - 2 potions of invisibility
 r - a potion of flight {unknown}
 t - a potion of agility {unknown}
 u - a potion of brilliance {unknown}
 w - 2 potions of magic {unknown}
Comestibles
 c - 7 rations
 v - 2 chunks of flesh


   Skills:
 + Level 3.8 Fighting
 * Level 7.1 Axes
 + Level 3.2 Armour
 + Level 2.3 Dodging
 + Level 0.5 Stealth


You had 6 spell levels left.
You didn't know any spells.
Your spell library contained the following spells:

 Spells                   Type           Power        Failure   Level  Hunger
 Corpse Rot               Necr           N/A          100%        2    ###....
 Sublimation of Blood     Necr           #.........   100%        2    ###....
 Agony                    Necr           #.......     100%        5    ######.
 Bolt of Draining         Conj/Necr      #.........   100%        5    ######.
 Dispel Undead            Necr           #.......     100%        5    ######.
 Excruciating Wounds      Chrm/Necr      #.........   100%        5    ######.


Dungeon Overview and Level Annotations

Branches:
Dungeon (6/15)             Temple (0/1) D:5

Altars:
Fedhas
Gozag
Trog
Wu Jian
Xom
Zin
The Shining One

Shops:
D:4 !   D:5 *


Innate Abilities, Weirdness & Mutations

You are small and have problems with some larger weapons.
You are somewhat resistant to further mutation.
You have large cloven feet.
You are dopey. (Int -2)
Your system is resistant to poisons. (rPois)


Message History

The black mamba is lightly wounded.
The black mamba closely misses you. The black mamba barely misses you.
The black mamba bites you.
* * * LOW HITPOINT WARNING * * *
The black mamba rages.
The black mamba barely misses you.
You hear Xom's avuncular chuckle.
The worker ant changes into a shapeshifter!
The shapeshifter changes into a basilisk!
The black mamba closely misses you. x2
The black mamba completely misses you. x2
The black mamba completely misses you. The black mamba closely misses you.
There is a stone staircase leading up here.
The basilisk changes into a tengu!
The black mamba completely misses you. x2
As you read the scroll labeled NIEVUY WAGGI, it crumbles to dust.
You feel blessed for a moment.
It was a scroll of remove curse.
The tengu changes into a crocodile!
The black mamba barely misses you. The black mamba bites you!
You die...
Xom laughs nastily!

#.#..###'###.## #..
#.##...# #..###..#...#
#...........####
####.####........#
#....#####'#.....#####
#....+...'∩+.........#
#....#####'#.........#
#....# #.@..........#
#....####S.#.....)...#
+....'.t.............#
#....#####...###.....#
###### #..)# #.#####
#...# #.# #.#># #.#
#.### #.# #.## ##∩##
##


You could see a black mamba shaped shifter (berserk) and a crocodile shaped
shifter.

Vanquished Creatures
  A scorpion (D:5)
  2 crimson imps (D:5)
  2 hounds (D:5)
  2 orc priests
  An orc wizard (D:3)
  2 iguanas (D:5)
  Terence (D:3)
  A worker ant (D:4)
  A hound zombie (D:5)
  2 howler monkey skeletons
  4 adders
  6 gnolls
  3 worms
  3 dart slugs
  4 leopard geckos
  10 orcs
  2 ball pythons
  9 bats
  A giant cockroach (D:3)
  8 goblins
  6 hobgoblins
  14 jackals
  8 kobolds
  4 quokkas
  4 frilled lizards
  6 rats
107 creatures vanquished.

Notes
Turn   | Place    | Note
-------+----------+-------------------------------------------
     0 | D:1      | Inarius the Halfling Chaos Knight began the quest for the
                  | Orb.
     0 | D:1      | Reached XP level 1. HP: 15/15 MP: 1/1
   211 | D:1      | Reached XP level 2. HP: 20/20 MP: 2/2
   268 | D:1      | XOM is BORED!
   268 | D:1      | XOM: silly message
   382 | D:1      | XOM: harmless Summ miscast
   447 | D:1      | Reached XP level 3. HP: 26/26 MP: 3/3
   680 | D:1      | XOM: harmless Tmut miscast
   985 | D:2      | Found an opulent altar of Gozag.
  1011 | D:2      | XOM: cast spell 'Summon Small Mammal'
  1228 | D:2      | Found a blossoming altar of Fedhas.
  1245 | D:2      | XOM: harmless Summ miscast
  1263 | D:2      | Reached skill level 4 in Axes
  1263 | D:2      | Reached XP level 4. HP: 27/31 MP: 4/4
  1779 | D:2      | XOM: harmless Hex miscast
  1921 | D:2      | XOM: divination: magic mapping
  2116 | D:3      | Reached XP level 5. HP: 10/36 MP: 5/5
  2304 | D:2      | XOM: harmless Tloc miscast
  2600 | D:3      | XOM: noise
  2609 | D:3      | Reached skill level 5 in Axes
  2815 | D:3      | XOM: give mutations
  2815 | D:3      | Gained mutation: You have large cloven feet. [Xom's
                  | mischief]
  2815 | D:3      | Gained mutation: You are dopey. (Int -2) [Xom's mischief]
  2815 | D:3      | Gained mutation: Your system is resistant to poisons.
                  | (rPois) [Xom's mischief]
  2831 | D:3      | XOM: mild Ice miscast
  2922 | D:3      | Found an ornate altar of the Wu Jian Council.
  3031 | D:3      | Noticed Terence
  3045 | D:3      | Killed Terence
  3045 | D:3      | Reached XP level 6. HP: 31/42 MP: 6/6
  3131 | D:3      | XOM: god gift: 6 exploding tomahawks
  3144 | D:3      | XOM: scenery: 1 doors close
  3287 | D:4      | XOM: scenery: 1 doors close
  3301 | D:4      | You fall through a shaft for 2 floors!
  3315 | D:6      | XOM: cloud trail
  3322 | D:5      | Entered Level 5 of the Dungeon
  3350 | D:5      | XOM: scenery: create altars
  3377 | D:5      | Reached skill level 6 in Axes
  3399 | D:5      | Found a staircase to the Ecumenical Temple.
  3435 | D:5      | XOM: harmless Tloc miscast
  3483 | D:5      | XOM: summons 2 hostile demons
  3588 | D:5      | Found Madghemm's General Store.
  3602 | D:5      | Reached XP level 7. HP: 40/46 MP: 7/7
  3805 | D:5      | Found a glowing silver altar of Zin.
  3861 | D:5      | XOM: confuse monster(s)
  3904 | D:5      | Found a blossoming altar of Fedhas.
  3967 | D:5      | XOM: god gift: runed plate armour {god gift}
  4087 | D:5      | XOM: divination: detect items
  4102 | D:5      | XOM: butterfly on damage
  4107 | D:5      | Reached skill level 7 in Axes
  4307 | D:4      | Found Tocykats's Distillery.
  4310 | D:4      | Bought a potion of curing for 30 gold pieces
  4349 | D:4      | Bought a potion of degeneration for 10 gold pieces
  4373 | D:4      | Found a bloodstained altar of Trog.
  4373 | D:4      | Found a glowing golden altar of the Shining One.
  4412 | D:4      | Noticed a shapeshifter
  4412 | D:4      | a worker ant changed into a shapeshifter
  4412 | D:4      | Noticed a black mamba
  4412 | D:4      | a shapeshifter changed into a black mamba
  4425 | D:4      | Noticed a shapeshifter
  4425 | D:4      | a worker ant changed into a shapeshifter
  4425 | D:4      | XOM: polymorph worker ant -> shapeshifter
  4425 | D:4      | Noticed a basilisk
  4425 | D:4      | a shapeshifter changed into a basilisk
  4428 | D:4      | a basilisk changed into a tengu
  4429 | D:4      | Slain by a black mamba (shapeshifter)

Skill      XL: |  1  2  3  4  5  6  7 |
---------------+----------------------+-----
Fighting       | 3 |  3.8
Axes           | 4 5 6 7 |  7.1
Dodging        | 2 |  2.3
Armour         | 3 |  3.2
Stealth        | |  0.5

Action                   |  1- 3 |  4- 6 |  7- 9 || total
-------------------------+-------+-------+-------++-------
Melee: Hand axe          |    87 |   205 |   113 ||   405
       Kick              |       |    26 |    31 ||    57
  Use: Scroll            |       |       |     4 ||     4
       Potion            |       |       |     1 ||     1
 Stab: Sleeping          |     1 |       |       ||     1
       Petrified         |     1 |       |       ||     1
       Paralysed         |       |       |     2 ||     2
  Eat: Chunk             |     1 |     8 |     3 ||    12
Armor: Leather armour    |    24 |    48 |       ||    72
       Scale mail        |       |    41 |    20 ||    61
       Plate armour      |       |       |    35 ||    35
Dodge: Dodged            |    67 |   145 |    75 ||   287
